 Dungeon Crawl Stone Soup version 0.18.1-48-g4cf74bf (webtiles) character file.

13005 Alarkh the Spear-Bearer (level 11, 0/72 HPs)
             Began as a Mummy Skald on July 3, 2016.
             Was an Initiate of Gozag.
             Slain by Snorg (4 damage)
             ... on level 12 of the Dungeon.
             The game lasted 00:34:05 (18998 turns).

Alarkh the Spear-Bearer (Mummy Skald)              Turns: 18998, Time: 00:34:06

Health: 0/72       AC: 11    Str: 16    XL:     11   Next: 69%
Magic:  0/22       EV: 11    Int: 14    God:    Gozag
Gold:   1982       SH:  0    Dex: 12    Spells: 5 memorised, 13 levels left

rFire  . . .     SeeInvis .     b - +2 spear (venom)
rCold  + . .     Gourm    .     s - +1 leather armour {rF+}
rNeg   + + +     Faith    .     (no shield)
rPois  ∞         Spirit   +     N - +2 helmet
rElec  .         Dismiss  .     A - +0 cloak
rCorr  .         Reflect  .     j - +1 pair of gloves
SustAt +         Harm     .     h - +0 pair of boots
MR     +....                    k - amulet of guardian spirit
Stlth  +.........               (no ring)
                                P - ring of sustain attributes

@: about to teleport, very slightly contaminated, repel missiles, somewhat
resistant to hostile enchantments, very unstealthy
A: no food or potions, fire vulnerability, cold resistance 1, negative energy
resistance 3, torment resistance, unbreathing
a: Potion Petition, Call Merchant, Bribe Branch, Renounce Religion


You were on level 12 of the Dungeon.
You worshipped Gozag.
Gozag was noncommittal.
You were not hungry.

You visited 2 branches of the dungeon, and saw 13 of its levels.

You collected 2049 gold pieces.
You paid 67 gold pieces to Gozag.

Inventory:

Hand Weapons
 a - the +6 falchion "Poykarro" {venom, rElec MP+9}
   (You found it on level 6 of the Dungeon)

   It poisons the flesh of those it strikes.
   It insulates you from electricity.
   It affects your magic capacity (+9).
 b - a +2 spear of venom (weapon)
 d - a +0 spear
 o - a +0 trident
 v - a +2 mace of protection
 B - a +4 quarterstaff of chaos
 I - a +0 halberd
 J - a +2 trident of freezing
 K - a +0 trident of flaming
 M - a +2 dagger of venom
Missiles
 x - 3 throwing nets (quivered)
Armour
 e - a +0 helmet
 h - a +0 pair of boots (worn)
 j - a +1 pair of gloves (worn)
 q - a +0 leather armour
 s - a +1 leather armour of fire resistance (worn)
 w - a +0 shield
 A - a +0 cloak (worn)
 E - a +2 robe of positive energy
 G - a +1 ring mail of magic resistance
 N - a +2 helmet (worn)
Jewellery
 k - an amulet of guardian spirit (around neck)
 m - an uncursed ring of teleportation
 P - a ring of sustain attributes (left hand)
Wands
 L - a wand of iceblast (12/15)
Scrolls
 f - a scroll of noise
 g - a scroll of immolation
 i - 6 scrolls of recharging
 p - a scroll of enchant armour
 r - 2 scrolls of enchant weapon
 t - 2 scrolls of remove curse
 u - a scroll of identify
 z - a scroll of vulnerability
 C - a scroll of summoning
 D - a scroll of torment
 F - a scroll of random uselessness
 O - a scroll of fear
Books
 c - a book of Battle

   Spells                             Type                      Level
   a - Infusion                       Charms                       1
   b - Shroud of Golubria             Charms/Translocation         2
   c - Song of Slaying                Charms                       2
   d - Spectral Weapon                Hexes/Charms                 3
   e - Regeneration                   Charms/Necromancy            3
 n - a book of Geomancy

   Spells                             Type                      Level
   a - Sandblast                      Earth                        1
   b - Passwall                       Transmutation/Earth          2
   c - Stone Arrow                    Conjuration/Earth            3
   d - Petrify                        Transmutation/Earth          4
   e - Lee's Rapid Deconstruction     Earth                        5
 y - a book of Flames

   Spells                             Type                      Level
   a - Flame Tongue                   Conjuration/Fire             1
   b - Throw Flame                    Conjuration/Fire             2
   c - Conjure Flame                  Conjuration/Fire             3
   d - Inner Flame                    Hexes/Fire                   3
   e - Sticky Flame                   Conjuration/Fire             4
   f - Fireball                       Conjuration/Fire             5
 R - a book of Air

   Spells                             Type                      Level
   a - Shock                          Conjuration/Air              1
   b - Swiftness                      Charms/Air                   2
   c - Repel Missiles                 Charms/Air                   2
   d - Static Discharge               Conjuration/Air              3
   e - Lightning Bolt                 Conjuration/Air              5
Miscellaneous
 H - a plain deck of wonders {Wild Magic}
 Q - a crystal ball of energy


   Skills:
 - Level 2.0 Fighting
 * Level 12.8 Polearms
 - Level 0.7 Armour
 - Level 0.7 Dodging
 + Level 7.3 Spellcasting
 + Level 6.9 Charms


You had 13 spell levels left.
You knew the following spells:

 Your Spells              Type           Power        Failure   Level  Hunger
a - Infusion              Chrm           ###.         1%          1    N/A
b - Shroud of Golubria    Chrm/Tloc      ##........   10%         2    N/A
c - Spectral Weapon       Hex/Chrm       ##......     14%         3    N/A
d - Repel Missiles        Chrm/Air       ##....       10%         2    N/A
e - Stone Arrow           Conj/Erth      #.....       61%         3    N/A

Dungeon Overview and Level Annotations

Branches:
Dungeon (12/15)            Temple (1/1) D:5             Orc (0/2) D:10
   Lair: D:8-11

Altars:
Ashenzari
Cheibriados
Dithmenos
Elyvilon
Fedhas
Gozag
Kikubaaqudgha
Makhleb
Nemelex Xobeh
Okawaru
Pakellas
Qazlal
Ru
Sif Muna
Trog
Vehumet
Xom
Yredelemnul
Zin
The Shining One

Shops:
D:4 !

Annotations:
D:3 FrancescoMac's ghost, amateur MiGl
D:10 1 exclusion
D:11 Erolcha
D:12 Snorg


Innate Abilities, Weirdness & Mutations

You do not eat or drink.
Your flesh is vulnerable to fire.
You are immune to poison.
Your flesh is cold resistant.
You are immune to negative energy.
You are immune to unholy pain and torment.
You can survive without breathing.


Message History

You closely miss Snorg.
Snorg is severely wounded.
Your spectral weapon hits Snorg.
Snorg goes berserk!
Attack whom?
Press: ? - help, Dir - move target cursor, f/p - Snorg
Aim: Snorg (severely wounded, berserk, fast, unusually strong, poisoned)
You hit Snorg but do no damage.
Snorg is severely wounded.
Your spectral weapon hits Snorg.
Snorg closely misses you. Snorg claws you but does no damage. Snorg claws you!!
Read which item? (? for menu, Esc to quit)
As you read the scroll of teleportation, it crumbles to dust.
You feel strangely unstable. Snorg bites you!!
* * * LOW HITPOINT WARNING * * *
Snorg closely misses you. Snorg claws you but does no damage. Snorg bites you!
* * * LOW HITPOINT WARNING * * *
Snorg claws you.
You die...
Your body crumbles into a pile of gold.

.. ### ##.# #.. #..#
##'###### ##.####
#.......# ......#
#..)....# ......#
###.......# ......#
##.+.......#
.....D#####..#..T(...#
......#.....##..@....#
........######.......#
......### #....<..#
##.#### #####+### #.
##(.# ## #..## #.##
###(###### #.
#..(.....#


You could see Snorg (berserk) and a friendly spectral spear of venom.

Vanquished Creatures
  A hydra (D:12)
  Erica (D:8)
  Sonja (D:10)
  2 hill giants
  A cyclops (D:10)
  The ghost of Liquid the Sneak, a novice TeAs of Dithmenos (D:6)
  A centaur zombie (D:10)
  A gargoyle (D:9)
  3 centaur skeletons
  2 trolls (D:10)
  Grinder (D:4)
  A queen bee (D:11)
  2 two-headed ogres (D:9)
  A wraith (D:10)
  7 orc warriors
  3 ice beasts
  3 sky beasts
  6 ogres
  3 phantoms
  3 centaurs
  Blork the orc (D:6)
  6 big kobolds (D:10)
  4 gnoll sergeants
  9 giant frogs
  2 scorpions
  22 killer bees
  4 wights (D:10)
  8 howler monkeys
  5 crimson imps
  A giant frog zombie (D:6)
  A gnoll shaman (D:6)
  6 hounds
  A quasit (D:10)
  5 jellies
  7 orc priests
  Crazy Yiuf (D:7)
  2 giant frog skeletons
  17 orc wizards
  Natasha (thrice) (D:4)
  3 iguanas
  7 worker ants
  A hound zombie (D:9)
  A howler monkey zombie (D:3)
  A worker ant zombie (D:10)
  15 gnolls
  3 adders
  2 shadow imps
  An ooze (D:1)
  An adder skeleton (D:8)
  An adder zombie (D:10)
  5 worms
  2 dart slugs
  4 giant geckos
  67 orcs
  6 giant cockroaches
  5 goblins
  8 hobgoblins
  10 jackals
  3 quokkas (D:3)
  2 ball pythons
  15 bats
  A giant gecko skeleton (D:5)
  7 giant newts
  A jackal skeleton (D:5)
  7 kobolds
  A quokka skeleton (D:9)
  5 rats
  A fungus (D:7)
335 creatures vanquished.

Vanquished Creatures (others)
  14 spectral weapons
14 creatures vanquished.

Grand Total: 349 creatures vanquished

Notes
Turn   | Place    | Note
--------------------------------------------------------------
     0 | D:1      | Alarkh the Mummy Skald began the quest for the Orb.
     0 | D:1      | Reached XP level 1. HP: 16/16 MP: 3/3
    19 | D:1      | Reached skill level 2 in Polearms
    47 | D:1      | Reached XP level 2. HP: 7/22 MP: 5/5
   942 | D:2      | Reached XP level 3. HP: 27/27 MP: 6/6
   950 | D:2      | Reached skill level 3 in Polearms
   961 | D:2      | Found a white marble altar of Elyvilon.
  1400 | D:2      | Learned a level 2 spell: Shroud of Golubria
  1404 | D:2      | Learned a level 3 spell: Spectral Weapon
  1744 | D:3      | Reached XP level 4. HP: 28/33 MP: 1/7
  2477 | D:1      | Reached skill level 4 in Polearms
  2563 | D:3      | Reached XP level 5. HP: 31/38 MP: 2/8
  2565 | D:3      | Noticed FrancescoMac's ghost (amateur MiGl)
  2860 | D:2      | Found a white marble altar of Elyvilon.
  3512 | D:3      | Reached skill level 5 in Polearms
  3591 | D:4      | Reached XP level 6. HP: 39/44 MP: 2/9
  3607 | D:4      | Noticed Natasha
  3615 | D:4      | Killed Natasha
  3622 | D:4      | Noticed Grinder
  3634 | D:4      | Paralysed by Grinder for 2 turns
  3651 | D:4      | Killed Grinder
  3651 | D:4      | Reached skill level 6 in Polearms
  3778 | D:4      | Reached XP level 7. HP: 35/50 MP: 7/10
  3824 | D:5      | Entered Level 5 of the Dungeon
  3997 | D:4      | Noticed Natasha
  4005 | D:4      | Killed Natasha
  4224 | D:4      | Found Ropt's Distillery.
  4359 | D:4      | Noticed Natasha
  4374 | D:4      | Killed Natasha
  4619 | D:5      | Reached skill level 7 in Polearms
  5279 | D:5      | Found a basalt altar of Yredelemnul.
  5315 | D:5      | Found a staircase to the Ecumenical Temple.
  5331 | Temple   | Entered the Ecumenical Temple
  5440 | Temple   | Became a worshipper of Gozag Ym Sagoz the Greedy
  5779 | D:4      | Reached skill level 8 in Polearms
  5779 | D:4      | Reached XP level 8. HP: 55/56 MP: 11/11
  6364 | D:5      | Found a snail-covered altar of Cheibriados.
  6679 | D:5      | Reached skill level 9 in Polearms
  6917 | D:6      | Noticed Liquid's ghost (novice TeAs)
  8634 | D:6      | Got a jewelled falchion
  8650 | D:6      | Identified the +6 falchion "Poykarro" {venom, rElec MP+9} (You found it on level 6 of the Dungeon)
  8882 | D:6      | Noticed Blork the orc
  8892 | D:6      | Killed Blork the orc
  8908 | D:6      | Reached XP level 9. HP: 30/61 MP: 11/13
  9252 | D:6      | Killed Liquid's ghost
  9293 | D:6      | Reached skill level 10 in Polearms
  9980 | D:3      | HP: 1/61 [FrancescoMac's ghost (9)]
 12003 | D:7      | Noticed Crazy Yiuf
 12014 | D:7      | Killed Crazy Yiuf
 12051 | D:8      | Noticed a hill giant
 12060 | D:8      | Killed a hill giant
 12060 | D:8      | Reached skill level 11 in Polearms
 12060 | D:8      | Reached XP level 10. HP: 29/67 MP: 2/17
 12337 | D:8      | Noticed Erica
 12703 | D:8      | Reached skill level 5 in Spellcasting
 13114 | D:8      | Killed Erica
 13114 | D:8      | Reached skill level 5 in Charms
 13272 | D:8      | You fall through a shaft for 2 floors!
 13272 | D:10     | Entered Level 10 of the Dungeon
 14615 | D:10     | Found a staircase to the Orcish Mines.
 14799 | D:10     | Noticed a cyclops
 15062 | D:11     | Noticed Erolcha
 15062 | D:11     | Noticed an eight-headed hydra
 15399 | D:10     | Found a blossoming altar of Fedhas.
 15464 | D:10     | Killed a cyclops
 15704 | D:10     | Reached skill level 12 in Polearms
 15752 | D:10     | Reached XP level 11. HP: 25/72 MP: 9/20
 16460 | D:10     | Noticed Sonja
 16656 | D:10     | Killed Sonja
 18422 | D:10     | Learned a level 2 spell: Repel Missiles
 18479 | D:10     | Learned a level 3 spell: Stone Arrow
 18758 | D:12     | Noticed a hill giant
 18773 | D:12     | Killed a hill giant
 18775 | D:12     | Noticed a seven-headed hydra
 18889 | D:12     | Noticed a four-headed hydra
 18919 | D:12     | Killed a four-headed hydra
 18985 | D:12     | Noticed Snorg
 18998 | D:12     | Slain by Snorg

Skill      XL: |  1  2  3  4  5  6  7  8  9 10 11 |
---------------+----------------------------------+-----
Polearms       | 2 3 4 5 6 8 9 11 12 | 12.8
Charms         | 3 4 5 6 |  6.9
Spellcasting   | 4 6 7 |  7.3
Fighting       | |  2.0
Armour         | |  0.7
Dodging        | |  0.7

Action                   |  1- 3 |  4- 6 |  7- 9 | 10-12 || total
-------------------------+-------+-------+-------+-------++-------
Melee: Mace              |   114 |   127 |   103 |       ||   344
       Dagger            |       |    37 |   304 |       ||   341
       Falchion          |       |       |   221 |   266 ||   487
       Spear             |       |       |       |   200 ||   200
 Cast: Infusion          |     7 |    12 |     8 |     8 ||    35
       Shroud of Golubri |       |     3 |    10 |    15 ||    28
       Spectral Weapon   |       |       |    20 |    50 ||    70
       Repel Missiles    |       |       |       |     1 ||     1
  Use: Scroll            |     6 |     3 |     2 |    11 ||    22
 Stab: Distracted        |       |       |     1 |     6 ||     7
Armor: Leather armour    |    61 |   146 |   288 |   160 ||   655
Dodge: Dodged            |   104 |   108 |   372 |   231 ||   815
